Map: [ESL] Cosmic Sapphire

Players

ButAlways - Winner!

  • Race: Protoss Protoss
  • Spawn Location: 11:00

GogojOey

  • Race: Zerg Zerg
  • Spawn Location: 5:00

Event: DreamHack SC2 Masters 2022 Atlanta (Online)

VOD

Have the link to the VOD?

Description

Time

  • Played on: Sept. 28, 2022, 7:41 a.m.
  • Length: 14:25

All games in this series

Show
View Real Time Build Order
Export as new Build Order

ButAlways Protoss - Winner!

Build Orders: 1 Gate Expand, Oracle Opening, Carriers 

Get SALT Encoding   

  12  0:00  Probe  
  13  0:12  Probe  
  14  0:20  Pylon  
  14  0:24  Probe  
  15  0:38  Probe (Chrono Boost)  
  15  0:42  Gateway  
  16  0:47  Probe (Chrono Boost)  
  17  0:52  Probe  
  17  0:53  Assimilator  
  18  1:04  Probe  
  19  1:16  Probe  
  20  1:24  Nexus  
  20  1:33  Cybernetics Core  
  20  1:40  Probe  
  20  1:43  Pylon  
  21  1:49  Zealot (Chrono Boost)  
  23  1:54  Assimilator  
  23  2:01  Probe (Chrono Boost)  
  23  2:09  Adept  
  23  2:13  Probe (Chrono Boost)  
  26  2:19  Probe (Chrono Boost)  
  27  2:23  Stargate  
  27  2:28  Probe (Chrono Boost)  
  28  2:32  Warp Gate  
  28  2:36  Probe (Chrono Boost)  
  30  2:44  Adept  
  30  2:45  Probe x2 (Chrono Boost)  
  30  2:51  Probe x2 (Chrono Boost)  
  35  3:03  Probe x2  
  35  3:05  Oracle (Chrono Boost)  
  40  3:15  Probe x2  
  42  3:27  Probe  
  42  3:28  Probe, Pylon  
  44  3:41  Probe  
  44  3:42  Nexus  
  44  3:43  Oracle (Chrono Boost)  
  44  3:44  Probe  
  49  3:49  Pylon  
  49  3:52  Shield Battery  
  49  3:54  Probe  
  50  3:56  Probe  
  51  4:06  Probe (Chrono Boost)  
  52  4:10  Probe (Chrono Boost)  
  52  4:15  Twilight Council  
  52  4:16  Forge  
  50  4:20  Stalker  
  50  4:21  Pylon  
  50  4:22  Probe (Chrono Boost)  
  54  4:24  Probe (Chrono Boost)  
  54  4:27  Probe (Chrono Boost), Assimilator  
  54  4:29  Assimilator  
  54  4:30  Probe (Chrono Boost)  
  56  4:35  Gateway  
  56  4:36  Probe  
  57  4:42  Probe  
  57  4:43  Gateway  
  58  4:46  Pylon  
  58  4:47  Blink (Chrono Boost)  
  58  4:48  Probe  
  59  4:54  Protoss Ground Weapons Level 1 (Chrono Boost), Probe  
  59  4:59  Probe  
  61  5:00  Probe  
  61  5:06  Probe  
  63  5:11  Probe  
  63  5:12  Probe, Stalker  
  67  5:18  Probe  
  68  5:23  Probe  
  68  5:24  Probe  
  68  5:26  Gateway  
  68  5:27  Gateway  
  68  5:28  Templar Archives  
  70  5:30  Probe  
  70  5:35  Probe  
  72  5:37  Probe  
  72  5:39  Photon Cannon  
  72  5:42  Pylon  
  73  5:43  Probe  
  73  5:47  Probe  
  73  5:49  Probe  
  76  5:54  Nexus  
  76  5:55  Probe  
  77  5:59  Probe, Gateway  
  77  6:00  Gateway  
  77  6:02  Stalker  
  80  6:05  Probe  
  80  6:09  Psionic Storm  
  81  6:11  Pylon  
  81  6:14  Probe  
  81  6:17  Probe  
  83  6:21  Charge (Chrono Boost)  
  83  6:22  Assimilator x2  
  83  6:24  Pylon  
  83  6:27  Pylon  
  83  6:29  Probe  
  84  6:37  High Templar  
  84  6:38  High Templar x2  
  86  6:41  Gateway  
  86  6:44  Gateway, High Templar  
  86  6:45  Photon Cannon  
  86  6:46  Gateway  
  88  6:50  Photon Cannon  
  88  6:52  Pylon  
  88  6:57  Photon Cannon  
  88  6:58  High Templar  
  88  6:59  Shield Battery, Zealot x2  
  88  7:01  Pylon  
  94  7:11  Stalker x3  
  100  7:19  Stalker x3  
  105  7:32  Stalker  
  105  7:35  Probe x3  
  105  7:36  Probe  
  109  7:37  Zealot x4  
  113  7:45  Photon Cannon  
  113  7:47  Probe x3, Pylon  
  113  7:48  Probe  
  113  7:50  Protoss Ground Weapons Level 2 (Chrono Boost)  
  117  7:59  Probe x3, High Templar x2  
  117  8:01  Shield Battery  
  117  8:04  Shield Battery, Probe  
  125  8:05  Archon  
  125  8:06  Photon Cannon  
  125  8:08  Photon Cannon  
  125  8:13  Assimilator  
  125  8:14  Pylon  
  125  8:15  Pylon  
  125  8:17  Assimilator  
  125  8:21  Stargate, Fleet Beacon  
  125  8:25  Zealot x3, High Templar x2  
  135  8:28  Shield Battery  
  135  8:29  Archon  
  133  8:37  Stalker x4  
  141  8:45  Probe x4  
  141  8:47  Zealot  
  141  8:48  Zealot x3  
  129  8:57  Probe x4  
  119  9:04  Stalker x3  
  119  9:09  Probe x4  
  120  9:14  High Templar x2  
  124  9:21  Archon, Probe x2  
  127  9:24  Probe x2  
  127  9:29  Carrier (Chrono Boost)  
  127  9:30  Photon Cannon  
  128  9:35  Probe  
  135  9:41  Zealot x5  
  145  9:47  High Templar  
  145  9:48  High Templar  
  136  9:57  Archon  
  114  10:01  Probe x4  
  114  10:03  Stalker x2  
  122  10:07  Stalker  
  122  10:13  Probe x4  
  128  10:19  Shield Battery, High Templar x2  
  132  10:22  Shield Battery  
  132  10:25  Probe x2  
  132  10:26  Archon  
  134  10:28  Probe  
  134  10:29  Probe  
  136  10:37  Probe x2  
  136  10:40  High Templar x2  
  136  10:41  Probe x2  
  140  10:56  Carrier x2 (Chrono Boost)  
  141  11:05  Pylon  
  141  11:06  Pylon  
  141  11:10  High Templar x2  
  145  11:13  Probe x3  
  145  11:14  Probe  
  145  11:16  Archon  
  149  11:23  Zealot x3  
  149  11:25  Probe, Protoss Air Weapons Level 1 (Chrono Boost)  
  155  11:31  High Templar x2  
  148  11:42  Probe x4  
  148  11:44  Carrier (Chrono Boost)  
  157  11:54  Probe x3  
  165  12:03  Carrier (Chrono Boost)  
  165  12:06  Shield Battery  
  165  12:09  High Templar x2  
  169  12:15  Pylon  
  169  12:17  Pylon  
  169  12:18  Archon  
  169  12:29  Carrier (Chrono Boost), Zealot x2  
  172  12:34  Stargate  
  178  12:37  Pylon x2  
  178  12:38  Zealot  
  173  13:08  Zealot x10  
  173  13:12  Flux Vanes  
  195  13:23  Void Ray (Chrono Boost)  
  191  13:33  Void Ray (Chrono Boost), Stalker x4  
  185  13:50  Stalker x2  
Show
View Real Time Build Order
Export as new Build Order

GogojOey Zerg 

Build Orders: Pool First 

Get SALT Encoding   

  12  0:00  Drone  
  13  0:12  Overlord  
  13  0:17  Drone  
  14  0:30  Drone x2  
  16  0:40  Spawning Pool  
  15  0:44  Drone  
  15  0:48  Drone  
  17  1:08  Hatchery  
  17  1:10  Drone  
  17  1:24  Extractor  
  16  1:27  Drone  
  16  1:28  Zergling x4  
  16  1:31  Queen  
  21  1:39  Overlord  
  21  1:50  Drone  
  22  2:01  Drone  
  22  2:07  Queen  
  25  2:11  Drone  
  26  2:18  Hatchery  
  26  2:20  Drone  
  26  2:23  Drone  
  27  2:31  Drone  
  27  2:33  Drone  
  29  2:37  Queen  
  29  2:41  Drone  
  29  2:42  Drone  
  33  2:48  Overlord  
  33  2:50  Drone  
  34  2:54  Drone  
  34  2:57  Drone  
  36  3:06  Queen  
  36  3:07  Drone x2  
  36  3:10  Drone  
  41  3:17  Overlord  
  41  3:19  Drone x3  
  44  3:29  Queen  
  44  3:31  Queen  
  44  3:32  Drone  
  50  3:34  Drone  
  50  3:41  Drone x3  
  53  3:43  Drone  
  54  3:50  Spore Crawler  
  54  3:52  Drone x5  
  58  3:57  Overlord  
  58  3:59  Overlord  
  58  4:01  Spore Crawler  
  56  4:02  Extractor  
  56  4:07  Overlord  
  55  4:11  Drone x3  
  55  4:15  Overlord  
  55  4:17  Drone x2  
  61  4:18  Drone x2  
  61  4:19  Evolution Chamber  
  62  4:25  Drone x4  
  62  4:29  Drone  
  62  4:30  Drone  
  68  4:34  Spore Crawler  
  68  4:37  Drone  
  68  4:38  Drone  
  69  4:42  Drone  
  70  4:46  Baneling Nest, Zerg Melee Weapons Level 1  
  70  4:47  Drone, Extractor  
  70  4:50  Drone x2  
  70  4:52  Zergling x4  
  73  4:55  Metabolic Boost  
  73  4:56  Hatchery  
  72  5:00  Spore Crawler  
  72  5:05  Drone x3  
  72  5:06  Drone  
  76  5:09  Roach Warren  
  76  5:12  Drone  
  76  5:13  Extractor  
  75  5:15  Drone x6  
  75  5:18  Extractor  
  75  5:19  Extractor  
  75  5:20  Drone x3  
  82  5:21  Overlord  
  82  5:22  Overlord x2  
  82  5:28  Lair  
  82  5:32  Spore Crawler  
  82  5:33  Overlord  
  82  5:37  Overlord  
  82  5:39  Queen  
  82  5:40  Overlord  
  82  5:41  Zergling x2  
  82  5:42  Zergling x4  
  87  5:49  Overlord x2  
  87  5:52  Roach x4  
  95  5:57  Drone x2  
  95  5:59  Roach x3  
  95  6:01  Drone x2  
  105  6:09  Drone x5  
  109  6:14  Roach x2  
  109  6:17  Baneling x6  
  114  6:18  Zergling x2  
  114  6:20  Drone  
  114  6:22  Spore Crawler  
  110  6:32  Drone  
  110  6:33  Drone x11  
  110  6:38  Zergling x2  
  119  6:40  Zergling x2  
  119  6:46  Zerg Melee Weapons Level 2, Hatchery  
  119  6:48  Glial Reconstitution, Drone, Centrifugal Hooks  
  119  6:49  Evolution Chamber  
  119  6:50  Drone x2  
  119  6:53  Zergling x6  
  124  7:06  Zergling x18  
  124  7:07  Zergling x8  
  135  7:17  Zergling x6  
  135  7:18  Zergling x2  
  138  7:24  Roach x3  
  138  7:27  Baneling x6  
  138  7:29  Overlord x3  
  144  7:32  Queen  
  144  7:36  Hatchery  
  132  7:38  Zergling x4, Roach x6  
  131  7:45  Roach x4  
  131  7:46  Zerg Missile Weapons Level 1  
  131  7:48  Extractor  
  131  7:50  Zergling x4  
  135  7:57  Zergling x18, Roach  
  146  8:02  Zergling x6  
  150  8:05  Zergling x2  
  150  8:07  Roach  
  150  8:11  Zergling x4  
  154  8:15  Roach x2  
  154  8:16  Zergling x2, Roach  
  154  8:17  Roach  
  154  8:19  Drone  
  164  8:20  Drone  
  164  8:21  Drone  
  164  8:24  Baneling x9  
  164  8:25  Baneling x2  
  164  8:26  Zergling x16, Spore Crawler  
  173  8:32  Overlord x2  
  169  8:44  Zergling x14  
  170  8:52  Zergling x22, Roach  
  167  9:00  Zergling x20, Roach  
  161  9:08  Zergling x4, Roach  
  157  9:15  Roach  
  157  9:16  Zergling x8, Roach  
  165  9:18  Baneling x11  
  165  9:19  Drone x2  
  165  9:20  Drone  
  165  9:21  Drone  
  165  9:23  Infestation Pit, Spire  
  167  9:24  Baneling x9  
  167  9:28  Baneling x2  
  167  9:29  Hatchery  
  167  9:30  Zergling x10  
  171  9:31  Drone  
  171  9:35  Unknown  
  171  9:36  Baneling x4  
  162  9:57  Zergling x20, Roach  
  162  9:58  Zergling x16  
  146  10:08  Roach x12  
  167  10:15  Zergling x12, Roach x2  
  167  10:20  Baneling x7  
  177  10:22  Zergling x2  
  177  10:23  Zergling x14  
  185  10:31  Hive  
  185  10:34  Drone x3  
  188  10:36  Baneling x5  
  188  10:38  Zergling x16  
  188  10:42  Baneling x3  
  183  10:54  Zergling x2  
  183  10:55  Zergling x26  
  188  10:57  Drone x3  
  188  10:58  Drone, Extractor  
  191  11:05  Drone x3  
  191  11:06  Zerg Ground Armor Level 1, Zerg Missile Weapons Level 2  
  191  11:08  Extractor  
  191  11:11  Zergling x12  
  199  11:14  Extractor  
  198  11:22  Baneling x10, Overseer  
  198  11:27  Spine Crawler  
  198  11:28  Spine Crawler  
  192  11:44  Corruptor  
  192  11:46  Zerg Flyer Weapons Level 1  
  185  11:47  Ultralisk Cavern  
  185  11:52  Drone x3  
  185  11:53  Corruptor x2  
  191  11:55  Zergling x18  
  191  11:59  Spine Crawler  
  199  12:08  Drone  
  200  12:28  Baneling x3  
  199  12:43  Adrenal Glands  
  199  12:44  Chitinous Plating  
  195  13:01  Corruptor x3  
  195  13:02  Corruptor  
  190  13:17  Ultralisk  
  188  13:20  Corruptor x2  
  188  13:24  Overlord  
  188  13:25  Spore Crawler  
  188  13:26  Spore Crawler  
  188  13:28  Baneling x9  
  188  13:32  Overlord x2  
  181  13:36  Ultralisk  
  181  13:40  Ultralisk x2  
  181  13:41  Zergling x6  
  186  13:46  Zergling x8, Ultralisk x2  
  186  13:47  Zergling x10  
  182  13:49  Zergling x22  
  182  13:50  Zergling x4, Overlord  
  182  13:54  Zergling x34  
  182  13:55  Zergling x2  
Tags
 
Add a new tag
Caveats
  • Supply blocks, unpowered buildings, or Contaminate may cause inaccurate times.
  • Supply counts are checked every 10 seconds.